 Dungeon Sprint DCSS version 0.29-a0-575-g0dc89cf053 (webtiles) character file.

Game seed: 17371945877102394588

228 mhtbhm the Martial Artist (level 6, -7/46 HPs)
             Began as an Octopode Transmuter on June 13, 2022.
             Was an Initiate of Gozag.
             Engulfed by a steam dragon's steam (13 damage)
             ... in the Dungeon (Sprint IX: "|||||||||||||||||||||||||||||").
             The game lasted 00:00:53 (373 turns).

mhtbhm the Martial Artist (Octopode Transmuter)      Turns: 373, Time: 00:00:54

Health: -7/46      AC:  8    Str: 15    XL:     6   Next: 2%
Magic:  5/13       EV: 11    Int: 15    God:    Gozag
Gold:   0          SH:  0    Dex: 12    Spells: 5/15 levels left

rFire   x . .      SeeInvis .     - Unarmed
rCold   + + +      Faith    .   (shield currently unavailable)
rNeg    . . .      Spirit   .   (helmet currently unavailable)
rPois   +          Reflect  .   (no amulet)
rElec   .          Harm     .   j - +3 ring of strength
rCorr   .          Rampage  .   k - +2 ring of protection
Will    .....      NoTele   +   (no ring)
Stlth   ++........              (no ring)
HPRegen 0.15/turn               (no ring)
MPRegen 0.13/turn               (no ring)
                                (no ring)
                                (no ring)

@: ice-form, wereblooded, gold aura
A: freezing attack, boosted hp, almost no armour, amphibious, 8 rings, large,
(camouflage 1), (gelatinous body 1), (nimble swimmer 1), (tentacles)
a: End Transformation, Renounce Religion, Potion Petition, Call Merchant, Bribe
Branch


You were in the Dungeon.
You worshipped Gozag.
Gozag was noncommittal.
You were a creature of crystalline ice.
You visited 1 branch

Inventory:

Jewellery
 j - a +3 ring of strength (left front paw)
 k - a +2 ring of protection (right front paw)
Wands
 i - a wand of iceblast (10)
Scrolls
 g - 2 scrolls of blinking
 h - 2 scrolls of amnesia
Potions
 a - a potion of invisibility
 b - 5 potions of curing
 c - 2 potions of heal wounds
 d - a potion of haste
 e - 4 potions of magic
 f - a potion of berserk rage


   Skills:
 + Level 1.7 Fighting
 + Level 4.8 Dodging
 + Level 2.6 Stealth
 + Level 8.7 Unarmed Combat
 + Level 5.2 Spellcasting
 + Level 4.7 Transmutations


You had 5 spell levels left.
You knew the following spells:

 Your Spells              Type           Power      Damage    Failure   Level
a - Beastly Appendage     Tmut           36%        N/A       2%          1
b - Wereblood             Tmut           18%        N/A       3%          2
c - Spider Form           Tmut/Pois      11%        N/A       19%         3
d - Ice Form              Ice/Tmut       11%        N/A       52%         4

Your spell library contained the following spells:

 Spells                   Type           Power      Damage    Failure   Level


Dungeon Overview and Level Annotations

Branches:
Dungeon (1/1)

Altars:
Cheibriados
Dithmenos
Elyvilon
Fedhas
Gozag
Hepliaklqana
Kikubaaqudgha
Makhleb
Nemelex Xobeh
Okawaru
Qazlal
Ru
Sif Muna
Trog
Uskayaw
Vehumet
Wu Jian
Xom
Yredelemnul
Zin
The Shining One
Beogh
Jiyva
Lugonu


Innate Abilities, Weirdness & Mutations

You are a creature of crystalline ice.
You have a powerful freezing melee attack.
Your maximum health is increased.
Your armour is entirely melded.
You are incapable of wielding weapons or throwing items.
You cannot wear most types of armour.
You are amphibious.
You can wear up to eight rings at the same time.
((Your skin changes colour to match your surroundings (Stealth+).))
((Your rubbery body absorbs attacks. (AC +1, EV +1)))
((You are camouflaged when in or above water. (Stealth+)))
((You have tentacles for arms and can constrict up to eight enemies at once.))


Message History

You finish memorising.
Spell assigned to 'c'.
This spell is potentially lethal to cast!
Memorise Ice Form, consuming 4 spell levels and leaving 3?
You start memorising the spell.
You continue memorising. x4
You finish memorising.
Spell assigned to 'd'.
Casting: Beastly Appendage (safe; 3% risk of failure)
Confirm with . or Enter, or press ? or * to list all spells.
The spell is potentially lethal to miscast (58% risk of failure)!
Continue anyway?
You turn into a creature of crystalline ice.
Casting: Ice Form (extremely dangerous; 58% risk of failure)
Confirm with . or Enter, or press ? or * to list all spells.
Your blood is infused with primal strength.
You open the door.
A wyvern, a troll, an orc wizard, a wight, a steam dragon and a centaur come into view.
The orc wizard shouts!
Unknown command.
The wyvern hisses angrily.
The troll shouts!
The steam dragon hisses angrily.
You hit the centaur. You freeze the centaur.
The centaur is lightly wounded.
The centaur hits you but does no damage.
The centaur kicks you.
You punch the centaur! You freeze the centaur.
The centaur is heavily wounded.
The centaur hits you.
The centaur kicks you but does no damage.
You punch the centaur! You freeze the centaur.
You feel a bit better.
You kill the centaur!
The steam dragon breathes steam at you. The ball of steam hits you!!
The steam scalds you terribly!
Ouch! That really hurt!
* * * LOW HITPOINT WARNING * * *
Your Unarmed Combat skill increases to level 8!
Your Spellcasting skill increases to level 5!
You have reached level 6!
You close the door, pushing everything out of the way.
Things that are here:
162 gold pieces; a +0 shortbow You are engulfed in a cloud of scalding steam.
You die...
Your body crumbles into a pile of gold. ▓▓▓▓▓▓▓▓▓▓▓▓▓▓▓▓▓▓▓▓▓▓▓▓ .lTozD+Y§§[[.)..'_______ ▓▓▓▓▓▓▓▓▓▓▓▓▓▓▓▓▓▓▓▓▓▓▓▓ $ $ $$$$$ $ $ $ $$$$$ $$$$$$

There were no monsters in sight!

Vanquished Creatures
  A centaur (D)
  2 hounds (D)
  2 iguanas (D)
  A gnoll shaman (D)
  A ball python (D)
  2 bats (D)
  An endoplasm (D)
  A goblin (D)
11 creatures vanquished.

Notes
Turn   | Place    | Note
-------+----------+-------------------------------------------
     0 | D        | mhtbhm the Octopode Transmuter began the quest for the Orb.
     0 | D        | Reached XP level 1. HP: 13/13 MP: 3/3
    23 | D        | Reached XP level 2. HP: 9/18 MP: 3/5
    42 | D        | Learned a level 2 spell: Wereblood
   169 | D        | Reached skill level 1 in Stealth
   169 | D        | Reached skill level 5 in Unarmed Combat
   169 | D        | Reached XP level 3. HP: 23/23 MP: 2/8
   177 | D        | Reached XP level 4. HP: 18/28 MP: 3/9
   180 | D        | Reached skill level 6 in Unarmed Combat
   182 | D        | Reached skill level 7 in Unarmed Combat
   182 | D        | Reached XP level 5. HP: 25/33 MP: 3/11
   313 | D        | Found a snail-covered altar of Cheibriados.
   313 | D        | Found a shadowy altar of Dithmenos.
   313 | D        | Found a white marble altar of Elyvilon.
   313 | D        | Found a blossoming altar of Fedhas.
   313 | D        | Found an opulent altar of Gozag.
   314 | D        | Found a hazy altar of Hepliaklqana.
   315 | D        | Found a viscous altar of Jiyva.
   316 | D        | Found an ancient bone altar of Kikubaaqudgha.
   317 | D        | Found a corrupted altar of Lugonu.
   318 | D        | Found a burning altar of Makhleb.
   319 | D        | Found a sparkling altar of Nemelex Xobeh.
   320 | D        | Found an iron altar of Okawaru.
   321 | D        | Became a worshipper of Gozag Ym Sagoz the Greedy
   322 | D        | Found a stormy altar of Qazlal.
   323 | D        | Found a sacrificial altar of Ru.
   324 | D        | Found a shimmering blue altar of Sif Muna.
   325 | D        | Found a bloodstained altar of Trog.
   326 | D        | Found a hide-covered altar of Uskayaw.
   327 | D        | Found a radiant altar of Vehumet.
   328 | D        | Found an ornate altar of the Wu Jian Council.
   329 | D        | Found a shimmering altar of Xom.
   330 | D        | Found a basalt altar of Yredelemnul.
   331 | D        | Found a glowing silver altar of Zin.
   332 | D        | Found a glowing golden altar of the Shining One.
   362 | D        | Learned a level 3 spell: Spider Form
   367 | D        | Learned a level 4 spell: Ice Form
   369 | D        | Noticed a wyvern
   369 | D        | Noticed a troll
   369 | D        | Noticed a steam dragon
   369 | D        | Noticed a centaur
   372 | D        | Killed a centaur
   373 | D        | Reached skill level 8 in Unarmed Combat
   373 | D        | Reached skill level 5 in Spellcasting
   373 | D        | Reached XP level 6. HP: 6/39 MP: 5/13
   373 | D        | Engulfed by a steam dragon's steam

Illustrated notes

Levels and vault maps discovered:
D:        linesprint [early_d, line_temple, items_1, d_10, items_2, lair_1,
          lair_end, items_3, orc_1, orc_end, items_4, d_15, swamp_1, shoals_1,
          snake_1, spider_1, d_20, vaults_1, items_5, swamp_end, shoals_end,
          snake_end, spider_end, vaults_end, d_27, items_6, zot_1, zot_end,
          crypt_end, forest_end, elf_end, slime_end, tomb_end, abyss_end,
          pan_hell_end]

Skill      XL: |  1  2  3  4  5 |
---------------+----------------+-----
Dodging        | 3 4 |  4.8
Stealth        | 1 2 |  2.6
Unarmed Combat | 5 7 8 |  8.7
Spellcasting   | 3 4 5 |  5.2
Transmutations | 3 4 |  4.7
Fighting       | |  1.7

Action                   |  1- 3 |  4- 6 || total
-------------------------+-------+-------++-------
Melee: Unarmed           |    22 |    10 ||    32
       Kick              |     8 |       ||     8
       Constrict         |     5 |       ||     5
       Tentacles         |     5 |       ||     5
       Punch             |     2 |     1 ||     3
 Cast: Beastly Appendage |     2 |       ||     2
       Wereblood         |     1 |     1 ||     2
       Ice Form          |       |     1 ||     1
  Use: Potion            |     2 |       ||     2
 Stab: Sleeping          |     1 |       ||     1
Armor: Skin              |     5 |     6 ||    11
Dodge: Dodged            |    11 |       ||    11

Table legend: (Time is in decaauts)
 A = Elapsed time spent in this place.
 B = Non-inter-level travel time spent in this place.
 C = Inter-level travel time spent in this place.
 D = Time resting spent in this place.
 E = Time spent auto-exploring this place.
 F = Levels seen in this place.
 G = Mean time per level.
                   A        B        C        D        E       F      G
               +--------+--------+--------+--------+--------+-----+--------+
         Total |    369 |    369 |      0 |    258 |      0 |   1 |  369.0 |
       Dungeon |    369 |    369 |      0 |    258 |      0 |   1 |  369.0 |
               +--------+--------+--------+--------+--------+-----+--------+

Top non-repeatable levels by time:
       D: 369 daAuts
